 Dungeon Crawl Stone Soup version 0.29.1-12-g30fa7ad0bf (webtiles) character file.

Game seed: 6423935866422663848

67 mortz the Cudgeller (level 4, -4/28 HPs)
             Began as a Gargoyle Abyssal Knight on Dec 31, 2022.
             Was a Priest of Lugonu.
             Splashed by a jelly's acid (7 damage)
             ... on level 2 of the Dungeon on Jan 1, 2023.
             The game lasted 00:06:53 (1726 turns).

mortz the Cudgeller (Gargoyle Abyssal Knight)       Turns: 1726, Time: 00:06:54

Health: -4/28      AC:  4    Str: 18    XL:     4   Next: 16%
Magic:  5/5        EV: 11    Int: 11    God:    Lugonu [***...]
Gold:   92         SH:  0    Dex: 10    Spells: 3/3 levels left

rFire   . . .      SeeInvis .   a - +1 mace
rCold   . . .      Faith    .   (no shield)
rNeg    + . .      Spirit   .   m - +0 chain mail
rPois   ∞          Reflect  .   (no helmet)
rElec   +          Harm     .   (no cloak)
rCorr   .          Rampage  .   (no gloves)
Will    .....                   (no boots)
Stlth   ..........              (no amulet)
HPRegen 0.09/turn               i - +4 ring of evasion
MPRegen 0.09/turn               (no ring)

@: corroded
A: sickness immunity, AC +3, negative energy resistance 1, electricity
resistance, torment resistance 1, petrification resistance
a: Renounce Religion, Depart the Abyss, Bend Space, Banish


You were on level 2 of the Dungeon.
You worshipped Lugonu.
Lugonu was most pleased with you.
You visited 1 branch of the dungeon, and saw 2 of its levels.
You visited the Abyss 1 time.

You collected 92 gold pieces.

Inventory:

Hand Weapons
 a - a +1 mace (weapon)
 b - a +2 dagger of speed
Missiles
 e - 23 stones
 k - 4 poisoned darts (quivered)
 l - a throwing net
Armour
 m - a +0 chain mail (worn)
Jewellery
 i - a +4 ring of evasion (left hand)
Scrolls
 d - a scroll of identify
 f - a scroll of poison {unknown}
 j - a scroll of butterflies
 n - a scroll of fear {unknown}
Potions
 g - 4 potions of curing
 h - a potion of lignification


   Skills:
 - Level 3.2 Fighting
 + Level 4.3 Maces & Flails
 - Level 2.1 Armour
 - Level 0.7 Dodging
 - Level 2.0 Invocations


You had 3 spell levels left.
You didn't know any spells.
Your spell library was empty.

Dungeon Overview and Level Annotations

Branches:
Dungeon (2/15) Zot: 10243

Altars:

Shops:
D:1 [


Innate Abilities, Weirdness & Mutations

You are immune to sickness and miasma.
Your stone body is resilient. (AC +3)
You are immune to poison.
You resist negative energy. (rN+)
You are resistant to electric shocks. (rElec)
You are resistant to unholy torment.
You are immune to petrification.


Message History

HP restored.
You now have 92 gold pieces (gained 10).
You open the door.
There is an open door here.
A kobold comes into view. It is wielding a +0 short sword.
The kobold shouts!
You closely miss the kobold.
The kobold hits you with a +0 short sword.
You hit the kobold.
You kill the kobold!
Lugonu accepts your kill.
Things that are here:
a +0 short sword; a kobold corpse You open the door. 2 endoplasms and 2 jellies come into view.
The jelly quivers.
The endoplasm jiggles.
Found a hobgoblin skeleton.
You sock the endoplasm!
You kill the endoplasm!
Lugonu accepts your kill.
You hit the endoplasm.
You kill the endoplasm!
Lugonu accepts your kill.
You hit the jelly.
Your hands burn!
The jelly is moderately wounded.
The jelly hits you. The acid corrodes you!
You are splashed with acid!
Something hits the fungus.
The fungus is splashed with acid.
The acid corrodes the fungus!
You hit the jelly. The acid corrodes you!
Your hands burn!
The jelly is severely wounded.
The jelly hits you.
You are splashed with acid.
* * * LOW HITPOINT WARNING * * *
Something hits the fungus.
The fungus is splashed with acid.
The jelly attacks as you move away! The jelly closely misses you.
Things that are here:
a +0 short sword; a kobold corpse The jelly attacks as you move away!
The jelly hits you.
* * * LOW HITPOINT WARNING * * *
You are splashed with acid!
You die...

.......# ##...##
#.# #.# #.#.
.#.....###.....##
#.# #.# #...
##.....##.......#
#.# #.# ###.
.......##.......#
#.# #.# #...
###....##.......#
#.######.###.#.
....#.###.......#
#........##....
###.#.# #....####
#..########..##
###.#.#
#....'..###..#
#.## #...#.#
########@##..#
##.# ###.#.#
#....JJ###..#
###..# ###.#.#
#'#######
########....#
#...#.##.P
#........#.##
#.#.#.##..
#.#####....#
#.###.##.. #.#
##..######
......##.÷
#.####...#.....
..######.P
#.#......#.....
..## #..
#...#...##.....


You could see 2 jellies.

Vanquished Creatures
  3 adders (D:2)
  A dart slug (D:2)
  3 ball pythons (D:2)
  4 endoplasms (D:2)
  A giant cockroach (D:1)
  4 goblins
  2 hobgoblins
  7 kobolds
  3 quokkas (D:2)
  5 bats
  3 rats
36 creatures vanquished.

Vanquished Creatures (others)
  A fungus (D:2)
  8 toadstools (D:2)
9 creatures vanquished.

Grand Total: 45 creatures vanquished

Notes
Turn   | Place    | Note
-------+----------+-------------------------------------------
     0 | Abyss:1  | mortz the Gargoyle Abyssal Knight began the quest for the
                  | Orb.
     0 | Abyss:1  | Reached XP level 1. HP: 14/14 MP: 2/2
     1 | D:1      | Escaped the Abyss
   428 | D:1      | Found Disat's Antique Armour Shoppe.
   471 | D:1      | Found a faded altar of an unknown god.
   562 | D:1      | Reached XP level 2. HP: 19/19 MP: 3/3
   775 | D:2      | Reached skill level 3 in Maces & Flails
   794 | D:2      | Reached XP level 3. HP: 23/23 MP: 4/4
  1126 | D:2      | Reached *** piety under Lugonu
  1232 | D:2      | Reached skill level 4 in Maces & Flails
  1292 | D:2      | Reached XP level 4. HP: 28/28 MP: 5/5
  1726 | D:2      | Splashed by a jelly's acid

Illustrated notes

Levels and vault maps discovered:
D:1:      psy_arrival_conway, layout_rooms,
          hellmonk_ecumenical_altar_inner_sanctum, serial_shops,
          nicolae_shop_overgrown_old_shop
D:2:      cheibrodos_fertilizer, layout_basic, minmay_circle_x

Skill      XL: |  1  2  3 |
---------------+----------+-----
Maces & Flails | 3 4 |  4.3
Fighting       | |  3.2
Armour         | |  2.1
Dodging        | |  0.7
Invocations    | |  2.0

Action                   |  1- 3 |  4- 6 || total
-------------------------+-------+-------++-------
Melee: Mace              |    87 |    31 ||   118
       Punch             |       |     1 ||     1
Throw: Stone             |     3 |       ||     3
       Dart              |       |     1 ||     1
  Use: Scroll            |     5 |     1 ||     6
Armor: Ring mail         |    37 |       ||    37
       Leather armour    |     1 |       ||     1
       Chain mail        |     8 |    14 ||    22
Dodge: Dodged            |    70 |    10 ||    80
